[Event "*** Titled Tuesday Blitz"]
[Site "Chess.com"]
[Date "2020.11.03"]
[Round "6"]
[White "Sharpchess22"]
[Black "GameOverBro"]
[Result "1-0"]
[WhiteElo "2824"]
[BlackElo "2529"]
[TimeControl "180+1"]
[EndTime "11:10:42 PST"]
[Termination "Sharpchess22 won on time"]

1. d4 d6 2. Nf3 Nf6 3. Bf4 Nbd7 4. h3 c5 5. c3 g6 6. e3 Bg7 7. Be2 O-O 8. O-O b6 9. a4 a6 10. Na3 Bb7 11. Bh2 Ne4 12. Re1 Ndf6 13. Qb3 Qc7 14.
Nc4 Nd7 15. Ncd2 Ndf6 16. Bd3 Rfb8 17. Qc2 Qc6 18. c4 Nxd2 19. Qxd2 Ne4 20. Qd1 Ng5 21. Be2 Nxf3+ 22. Bxf3 Qc7 23. d5 Bxb2 24. Rb1 Bf6 25. e4 Bc8 26. Be2 Bd7 27. f4 Bd4+ 28. Kh1 e6 29. dxe6 fxe6 30. Bd3 Rf8 31. Rf1 Rab8 32. Qg4 Kh8 33. Qh4 Bf6 34. Qg4 e5 35. f5 gxf5 36. exf5 Rg8 37. Qf3 Bxa4 38. Be4 Rbc8 39. Ra1 b5 40.
Bd5 Rg7 41. g4 Qe7 42. Rfe1 h6 43. Qe3 Bg5 44. Qc3 b4 45. Qd3 Bc6 46. Rxa6 Bxd5+ 47. Qxd5 b3 48. Rb6 Bh4 49. Re2 h5 50. Rxd6 hxg4 51. Bxe5 Qg5 52. Rg6 Qc1+ 53. Kh2 g3+ 54.
Kg2 Rg8 55. Qf7 b2 56. Bxg7+ 1-0

[Event "*** Titled Tuesday Blitz"]
[Site "Chess.com"]
[Date "2020.11.03"]
[Round "6"]
[White "IngOscarArdila"]
[Black "dopolian"]
[Result "0-1"]
[WhiteElo "2122"]
[BlackElo "2355"]
[TimeControl "180+1"]
[EndTime "11:10:43 PST"]
[Termination "dopolian won by checkmate"]

1. d4 Nf6 2. c4 c5 3. d5 e6 4. Nc3 exd5 5. cxd5 d6 6. e4 g6 7. h3 Bg7 8. Nf3 O-O 9. Bd3 Bd7 10.
a4 Na6 11. O-O Nb4 12. Bb1 Re8 13. Bf4 Qb6 14. Re1 Rad8 15. Bh2 c4 16. a5 Qc5 17.
Bf4 b5 18. axb6 axb6 19. Be3 Qc7 20. Nd4 Ra8 21. Rxa8 Rxa8 22. Ndb5 Bxb5 23. Nxb5 Qd7 24. Nd4 Ra1 25. Qd2 Nd3 26. Bxd3 Rxe1+ 27. Qxe1 cxd3 28. Qa1 h6 29. Qa8+ Kh7 30. f3 d2 31.
Bxd2 Nxe4 32. Be3 Nc5 33. Qc6 Qd8 34. Nb5 Qh4 35. Bf2 Qc4 36. g4 Qc1+ 37. Kg2 Qxb2 38. Nxd6 Nd3 39. Ne4 Nxf2 40. Nxf2 Bd4 41. Kg3 Qxf2+ 42.
Kf4 Qe3+ 43. Kg3 Be5+ 44. Kg2 Qe2+ 45. Kg1 Bd4+ 46. Kh1 Qf1+ 47. Kh2 Qf2+ 48. Kh1 Qxf3+ 49. Kh2 Qf2+ 50. Kh1 Qf1+ 51. Kh2 Be5# 0-1

[Event "*** Titled Tuesday Blitz"]
[Site "Chess.com"]
[Date "2020.11.03"]
[Round "6"]
[White "maximnovik"]
[Black "Zkid"]
[Result "1/2-1/2"]
[WhiteElo "2537"]
[BlackElo "2789"]
[TimeControl "180+1"]
[EndTime "11:10:44 PST"]
[Termination "Game drawn by repetition"]

1. d4 d5 2. c4 dxc4 3. e3 Nf6 4.
Bxc4 e6 5. Nf3 c5 6. O-O a6 7. b3 Nc6 8. Bb2 cxd4 9. Nxd4 Bd7 10. Nd2 Nxd4 11. Bxd4 Be7 12. Nf3 O-O 13. Ne5 Bb5 14.
Bxb5 axb5 15. Qe2 b4 16. Rfd1 Qa5 17. Nc4 Qa6 18. a4 bxa3 19. Bxf6 Bxf6 20. Rxa3 Qb5 21. Rxa8 Rxa8 22. Qc2 Qc6 23. Qe2 g6 24. Qf3 Qxf3 25. gxf3 Ra2 26. Rd7 Bh4 27. Rxb7 Bxf2+ 28. Kh1 Re2 29.
e4 Bd4 30. Nd6 f5 31. Re7 Bc5 32. Re8+ Kg7 33. Nb7 Bd4 34. Rxe6 f4 35. Nd6 Re3 36. Kg2 Rxb3 37. e5 Rb2+ 38. Kh1 h5 39.
h4 Rf2 40. Re7+ Kf8 41. Rf7+ Kg8 42. e6 Rf1+ 43. Kg2 Rf2+ 44. Kh1 Rf1+ 45. Kh2 Rf2+ 46. Kh3 Rxf3+ 47. Kg2 Rf2+ 48. Kh3 Rf3+ 49. Kg2 Rf2+ 50. Kh3 Rf3+ 1/2-1/2

[Event "*** Titled Tuesday Blitz"]
[Site "Chess.com"]
[Date "2020.11.03"]
[Round "6"]
[White "pastouche06"]
[Black "A-S-00"]
[Result "1/2-1/2"]
[WhiteElo "2499"]
[BlackElo "2321"]
[TimeControl "180+1"]
[EndTime "11:10:44 PST"]
[Termination "Game drawn by repetition"]

1. d4 Nf6 2. c4 g6 3. f3 Bg7 4.
e4 d6 5. Ne2 O-O 6. Be3 Nbd7 7.
Qd2 c5 8. d5 b5 9. cxb5 a6 10.
Nec3 axb5 11. Nxb5 Ne5 12. N1c3 Ne8 13. a4 f5 14. exf5 Bxf5 15. Be2 Qa5 16. O-O Qb4 17. g4 Bd7 18. h3 Nc4 19. Bxc4 Qxc4 20. Bh6 Nf6 21.
Bxg7 Kxg7 22. Rae1 Rf7 23. Nc7 Rb8 24. Ne6+ Bxe6 25.
Rxe6 Qd4+ 26. Rf2 Nd7 27. Qxd4+ cxd4 28. Nb5 d3 29. Re3 Ne5 30. f4 d2 31. Rxd2 Nc4 32.
Rde2 Nxe3 33. Rxe3 Rxf4 34. Rxe7+ Kf6 35. Re6+ Kg5 36. Rxd6 Rxa4 37. Nc3 Ra1+ 38. Kf2 Rxb2+ 39. Ke3 Ra3 40. Rc6 Rh2 41. d6 Rxh3+ 42. Kd4 Kf6 43.
Ne4+ Kf7 44. Ng5+ Ke8 45. Nxh3 Rxh3 46. Rc7 Rg3 47. Rxh7 Rxg4+ 48. Ke5 Kd8 49. Rg7 Rg1 50. Ke6 Re1+ 51. Kd5 Rd1+ 52. Ke6 Re1+ 53. Kd5 Rd1+ 54.
Ke6 Re1+ 1/2-1/2

[Event "*** Titled Tuesday Blitz"]
[Site "Chess.com"]
[Date "2020.11.03"]
[Round "6"]
[White "Shuvalov"]
[Black "Trickov"]
[Result "0-1"]
[WhiteElo "2427"]
[BlackElo "2327"]
[TimeControl "180+1"]
[EndTime "11:10:44 PST"]
[Termination "Trickov won by resignation"]

1. Nf3 d5 2. c4 c6 3. g3 Nf6 4. Bg2 Bf5 5. cxd5 cxd5 6. Qb3 Qb6 7. Qxb6 axb6 8. Nc3 e6 9. d3 Nc6 10. Nb5 Rc8 11.
a3 h6 12. b4 Be7 13. O-O O-O 14. Bf4 Nd7 15. Bd6 Rfd8 16. Rfc1 Bf6 17. Rab1 Ra8 18. h3 g5 19. g4 Bg6 20. Bg3 Nde5 21. Nd2 Nxd3 22.
exd3 Bxd3 23. Nc7 Rxa3 24. Rb3 Rxb3 25. Nxb3 Nxb4 26. Bf1 Bxf1 27. Kxf1 Nd3 28. Rd1 Nc5 29.
Nd4 Ne4 30. Ncb5 Nxg3+ 31. fxg3 Rc8 32. Ke2 Rc4 33. Ke3 Ra4 34. Rb1 Ra2 35. Nf3 Ra5 36.
Nd6 Ra3+ 37. Ke2 Ra2+ 38. Kf1 Ra3 39. Kg2 Ra2+ 40. Kf1 Ra3 41. Kg2 Ra2+ 42. Kh1 Ra3 43. Ng1 Rxg3 44. Rxb6 Rxg1+ 45. Kxg1 Bd4+ 46. Kg2 Bxb6 47. Nxb7 Kg7 48. Kf3 f5 49. Nd6 f4 50. Nc8 Bc5 0-1

[Event "*** Titled Tuesday Blitz"]
[Site "Chess.com"]
[Date "2020.11.03"]
[Round "6"]
[White "barriochess"]
[Black "Roza_Idrisova"]
[Result "1/2-1/2"]
[WhiteElo "2367"]
[BlackElo "2202"]
[TimeControl "180+1"]
[EndTime "11:10:45 PST"]
[Termination "Game drawn by repetition"]

1. d4 d5 2. c4 c6 3. Nf3 Nf6 4.
Nc3 a6 5. a4 e6 6. g3 a5 7. Bg2 Na6 8. O-O Be7 9. Nd2 O-O 10.
e4 dxe4 11. Ndxe4 Nb4 12. Bf4 Re8 13. h3 h6 14. Be3 Bf8 15. Qe2 Nxe4 16. Nxe4 e5 17.
dxe5 Rxe5 18. Rfd1 Qe8 19. Nd6 Bxd6 20. Rxd6 Bf5 21.
Qd2 Nc2 22. Re1 Nxe3 23. Rxe3 Rxe3 24. Qxe3 Qxe3 25. fxe3 Re8 26. Kf2 Kf8 27. Rd4 Ke7 28.
e4 Be6 29. Ke3 c5 30. Rd2 b6 31. b3 f6 32. h4 Rd8 33. Rxd8 Kxd8 34. e5 Ke7 35.
Ke4 g5 36. exf6+ Kxf6 37. hxg5+ hxg5 38. Bf3 Bc8 39. Bh5 Bb7+ 40. Ke3 Ke5 41. Bf7 Be4 42. Be8 Bc2 43. Bb5 Bxb3 44. Kd3 Bd1 45. Ke3 Bc2 46. Kd2 Bf5 47. Ke3 Be4 48. Be8 Bf5 49. Bb5 Be6 50.
Kd3 Kf5 51. Ke3 Kg4 52. Kf2 Bf5 53. Bc6 Be6 54. Bb5 Kf5 55. Ke3 Ke5 56. Kd3 Bf7 57.
Ke3 Bg6 58. Bc6 Bf7 59. Bb5 Be6 1/2-1/2

[Event "*** Titled Tuesday Blitz"]
[Site "Chess.com"]
[Date "2020.11.03"]
[Round "6"]
[White "oogee"]
[Black "Evachess2006"]
[Result "1-0"]
[WhiteElo "2208"]
[BlackElo "1638"]
[TimeControl "180+1"]
[EndTime "11:10:45 PST"]
[Termination "oogee won on time"]

1. d4 d5 2. c4 dxc4 3. Nf3 Nf6 4. e3 e6 5. Bxc4 b6 6. O-O Bb7 7. Nc3 Nbd7 8. Qe2 Bb4 9. Rd1 O-O 10. Bd2 Qe7 11.
Be1 c5 12. a3 Bxc3 13. bxc3 cxd4 14. cxd4 Rac8 15. Bd3 Bxf3 16. Qxf3 e5 17. Bb4 Nc5 18.
Qh3 a5 19. dxc5 axb4 20. axb4 bxc5 21. b5 e4 22. Be2 Rb8 23. Rdb1 Qd7 24. Qxd7 Nxd7 25.
Ra6 Nb6 26. f3 exf3 27. gxf3 Rfe8 28. Kf2 Kf8 29. Rc1 Rec8 30. f4 Ke7 31. Ra7+ Kf6 32.
Bg4 Ra8 33. Rb7 Rcb8 34. Rxb8 Rxb8 35. Rxc5 Na4 36. Rf5+ Kg6 37. Rg5+ Kf6 38. Be2 h6 39. Rd5 Nc3 40. Rc5 Nxe2 41. Kxe2 Ke6 42. Kd3 Kd6 43.
Kc4 Rb6 44. e4 Rb8 45. Rc6+ Kd7 46. Kc5 Ra8 47. Ra6 Rc8+ 48. Kd5 Rb8 49. b6 Re8 50. Ra7+ Kc8 51. Ra8+ 1-0

[Event "*** Titled Tuesday Blitz"]
[Site "Chess.com"]
[Date "2020.11.03"]
[Round "6"]
[White "lukas_111111"]
[Black "lucachess49"]
[Result "0-1"]
[WhiteElo "2535"]
[BlackElo "2375"]
[TimeControl "180+1"]
[EndTime "11:10:46 PST"]
[Termination "lucachess49 won on time"]

1. d4 Nf6 2. c4 e6 3. Nf3 a6 4. Nc3 d5 5. cxd5 exd5 6. Bg5 Be6 7. Bxf6 Qxf6 8. Qb3 b5 9. g3 c6 10. h4 Bd6 11. Ng5 O-O 12. e3 Bg4 13. Be2 Bxe2 14. Nxe2 h6 15. Nh3 Qf3 16. Rg1 a5 17. a3 Nd7 18.
Qd1 Qf5 19. g4 Qe4 20. Ng3 Bxg3 21. Rxg3 Nb6 22. h5 Nc4 23. b3 Nd6 24. Kf1 a4 25.
bxa4 Rxa4 26. Kg1 f6 27. Nf4 Rfa8 28. Qc1 Nc4 29. Ng6 Rxa3 30. Rb1 Ra2 31. Qe1 Rc2 32. Qb4 Re2 33. Rf1 Rb2 34. Qc5 Qe6 35. Ne7+ Kh7 36. Nf5 Re8 37. Qa7 Rg8 38. Qc7 Nd2 39. Rd1 Ne4 40.
Rg2 Nc3 41. Rf1 b4 42. Qf4 Ne2+ 0-1

[Event "*** Titled Tuesday Blitz"]
[Site "Chess.com"]
[Date "2020.11.03"]
[Round "6"]
[White "ChessWarrior7197"]
[Black "OldweakGM"]
[Result "1-0"]
[WhiteElo "3015"]
[BlackElo "2901"]
[TimeControl "180+1"]
[EndTime "11:10:47 PST"]
[Termination "ChessWarrior7197 won on time"]

1. e4 c6 2. d4 d5 3. exd5 cxd5 4.
Bd3 Nc6 5. c3 Qc7 6. Ne2 Bg4 7. O-O e6 8. Qe1 Nf6 9. f3 Bh5 10. Qh4 Bg6 11. Bxg6 fxg6 12. Nf4 Kf7 13. Nh3 Re8 14. Bf4 Qb6 15. Qf2 e5 16. Be3 exd4 17.
cxd4 Rxe3 18. Qxe3 Nxd4 19. Kh1 Nc2 20. Ng5+ Kg8 21. Qxb6 axb6 22. Nc3 Nxa1 23. Rxa1 h6 24. Ne6 Kf7 25. Nf4 Bd6 26. Nfxd5 Nxd5 27. Nxd5 Rc8 28.
Nxb6 Rc2 29. g3 Be5 30. Rd1 Bxb2 31. Rd7+ Ke6 32. Rxb7 Bd4 33. a4 Rb2 34. a5 Rb5 35.
Ra7 Rb2 36. Ra8 h5 37. Nc4 Ra2 38. f4 Kf5 39. Rd8 Ke4 40. h4 Bc5 41. Nd2+ Ke3 42.
Nb3 Bb4 43. Kg1 Kf3 44. Rd3+ Ke2 45. Nc1+ 1-0

[Event "*** Titled Tuesday Blitz"]
[Site "Chess.com"]
[Date "2020.11.03"]
[Round "6"]
[White "ssrija97"]
[Black "talman67"]
[Result "1-0"]
[WhiteElo "2308"]
[BlackElo "2536"]
[TimeControl "180+1"]
[EndTime "11:10:47 PST"]
[Termination "ssrija97 won on time"]

1. e4 c5 2. Nf3 d6 3. d4 cxd4 4. Nxd4 Nf6 5. Nc3 a6 6. Bc4 e6 7.
Bb3 b5 8. O-O Be7 9. Qf3 Qc7 10.
Qg3 O-O 11. Bh6 Ne8 12. Rad1 Bd7 13. f4 Nc6 14. Nf3 Kh8 15. Bg5 Bxg5 16. Nxg5 h6 17. Qh4 a5 18. f5 Nf6 19. fxe6 fxe6 20. Bxe6 Rae8 21. Nf7+ Kh7 22. Rxf6 Rxe6 23. Ng5+ Kg8 24. Nxe6 Qa7+ 25. Qf2 Rxf6 26. Qxa7 Nxa7 27. Nd4 b4 28.
Nd5 Rf8 29. Nb6 Bg4 30. Rd2 Re8 31. h3 Bh5 32. Nf5 Rxe4 33. Rxd6 Re2 34. Rd7 Nc6 35. Rxg7+ Kh8 36. Rc7 Ne5 37. Ng3 Re1+ 38. Kf2 Rc1 39. Nxh5 Nd3+ 40. Kg3 Nxb2 41. Nd5 Ra1 42. Ndf6 1-0

[Event "*** Titled Tuesday Blitz"]
[Site "Chess.com"]
[Date "2020.11.03"]
[Round "6"]
[White "esapunov"]
[Black "orestn"]
[Result "0-1"]
[WhiteElo "2617"]
[BlackElo "2374"]
[TimeControl "180+1"]
[EndTime "11:10:47 PST"]
[Termination "orestn won by resignation"]

1. c4 e6 2. Nf3 d5 3. d4 Nf6 4.
Nc3 Be7 5. Bg5 O-O 6. e3 Nbd7 7.
Rc1 c6 8. Bd3 dxc4 9. Bxc4 Nd5 10. Bxe7 Qxe7 11. Qc2 Nxc3 12. Qxc3 b6 13. O-O Bb7 14.
b4 Rfc8 15. Be2 c5 16. dxc5 bxc5 17. b5 a5 18. Nd2 Nb6 19. e4 a4 20. a3 c4 21. Qe3 Qc5 22. Qxc5 Rxc5 23. Nxc4 Nxc4 24. Rxc4 Rxb5 25. Rd1 Rb2 26. Bf1 g6 27. Rdd4 Rb3 28.
Rc7 Rb1 29. g3 Ba6 30. Rxa4 Rxf1+ 31. Kg2 Rb1 32. Rd4 Rb7 33. Rc3 Bb5 34. Rb4 Bc6 35.
Rxc6 Rxb4 36. axb4 Ra4 37. Rb6 g5 38. Kf3 Kg7 39.
Kg4 Kg6 40. h4 h5+ 41. Kf3 Ra3+ 42. Kg2 g4 43. Rb5 f6 44. Rb6 e5 45. Rb8 Ra4 46.
Rb7 Ra1 47. b5 Ra4 48. b6 Rxe4 49. Rc7 Rb4 50. b7 Rb2 51. Kf1 Kf5 52. Ke1 Ke4 53. Rf7 f5 54. Kd1 f4 55. Kc1 Rb6 56. Kc2 Kf3 57.
gxf4 exf4 58. Kc3 Kxf2 59. Rxf4+ Kg3 60. Rf7 Kxh4 61. Kd4 g3 62. Ke3 Rb2 63. Rg7 Kh3 64. Kf3 h4 65. Rh7 Rb3+ 66. Kf4 g2 67. Rg7 Rxb7 68.
Rxb7 g1=Q 69. Rb3+ Qg3+ 0-1

[Event "*** Titled Tuesday Blitz"]
[Site "Chess.com"]
[Date "2020.11.03"]
[Round "6"]
[White "Smile2005"]
[Black "ajdemipopushi"]
[Result "1-0"]
[WhiteElo "2304"]
[BlackElo "2373"]
[TimeControl "180+1"]
[EndTime "11:10:47 PST"]
[Termination "Smile2005 won on time"]

1. Nf3 c5 2. g3 g6 3. Bg2 Bg7 4. O-O Nc6 5. d3 e6 6. e4 Nge7 7. Nc3 O-O 8. Be3 Nd4 9. Qd2 Nec6 10. Ne1 d6 11. Nd1 e5 12. a4 f5 13. c3 Ne6 14.
exf5 Rxf5 15. a5 Nxa5 16. b4 cxb4 17. cxb4 Nc6 18. b5 Ncd4 19. Nc3 Kh8 20. Rb1 Rb8 21. Nd5 b6 22. Nb4 Bb7 23. Nc6 Bxc6 24. bxc6 Rc8 25. Bh3 Rxc6 26. Bxd4 Nxd4 27. Bxf5 gxf5 28. Qd1 Qa8 29.
f3 d5 30. Rf2 Qc8 31. Kh1 a5 32. f4 e4 33. dxe4 fxe4 34. f5 Be5 35. Ng2 Kg7 36. Ne3 Qd7 37. Ng4 Qd6 38. f6+ Kf8 39. Qd2 Rc7 40. Qh6+ Ke8 41. Nxe5 Qxe5 42. Rxb6 e3 43. Rb8+ 1-0

[Event "*** Titled Tuesday Blitz"]
[Site "Chess.com"]
[Date "2020.11.03"]
[Round "6"]
[White "Titus369"]
[Black "nitpicker"]
[Result "1-0"]
[WhiteElo "2527"]
[BlackElo "2122"]
[TimeControl "180+1"]
[EndTime "11:10:47 PST"]
[Termination "Titus369 won on time"]

1. e4 d5 2. exd5 Qxd5 3. Nc3 Qd8 4. Nf3 Nf6 5. Bc4 a6 6. a4 Bf5 7. d4 e6 8. h3 Nc6 9. Be3 Nb4 10. Bb3 c6 11.
Ne5 Bd6 12. g4 Bg6 13. Qe2 Qc7 14. f4 Nbd5 15. Bd2 O-O-O 16. O-O-O Nxc3 17. Bxc3 Be4 18. Rhf1 Bd5 19. Bxd5 cxd5 20. Be1 Kb8 21. Rf3 Ne4 22.
Rb3 f6 23. Ba5 Qc8 24. Nf7 Bxf4+ 25. Kb1 Qc4 26. Qf3 Bc7 27. Bxc7+ Qxc7 28. Nxh8 Rxh8 29. Qe2 Ka7 30. Rc1 g5 31. Ka2 h5 32. c4 Qd7 33.
Ra3 hxg4 34. hxg4 Rh4 35. c5 Qc6 36. b4 Kb8 37. b5 Qc8 38. c6 Ka7 39. Rc2 Rh1 40. Rb3 b6 41. c7 Nd6 42. bxa6 Nc4 43. Rbc3 Qxa6 44. Rxc4 dxc4 45. Qxc4 Qc8 46. Qc6 Rh4 47.
Rb2 Rxg4 48. Qxb6+ Ka8 49. Qa5+ Qa6 50. c8=Q+ 1-0

[Event "*** Titled Tuesday Blitz"]
[Site "Chess.com"]
[Date "2020.11.03"]
[Round "6"]
[White "Sueetin"]
[Black "MasterKroket"]
[Result "1/2-1/2"]
[WhiteElo "2310"]
[BlackElo "2416"]
[TimeControl "180+1"]
[EndTime "11:10:48 PST"]
[Termination "Game drawn - insufficient material"]

1. d4 Nf6 2. c4 e6 3. Nc3 Bb4 4. Qc2 d5 5. a3 Bxc3+ 6. Qxc3 O-O 7. Bg5 dxc4 8. Qxc4 Qd5 9. Qxd5 Nxd5 10. e4 Nb6 11.
Rc1 Nc6 12. Be3 Rd8 13. Nf3 Bd7 14. Be2 Rac8 15. O-O Be8 16. Rc2 f6 17. h3 Bg6 18.
Bd3 e5 19. d5 Nxd5 20. Bc4 Bxe4 21. Rd2 Kh8 22. Bxd5 Rxd5 23. Rxd5 Bxd5 24. Rd1 Bxf3 25. gxf3 Rd8 26. Rxd8+ Nxd8 27. Bxa7 b6 28. Bb8 Ne6 29. a4 Kg8 30. b4 Kf7 31. a5 bxa5 32. bxa5 Nc5 33. Bxc7 Ke6 34. f4 e4 35. Kf1 Kd5 36.
Ke2 f5 37. Be5 g6 38. Kf1 Kc4 39. Kg2 Kb5 40. Bc7 Nb3 41. Kg3 Nxa5 42. Kh4 Nb3 43.
Be5 Kc4 44. Kg5 Nc1 45. Bb8 Nd3 46. Ba7 Kc3 47. h4 Kd2 48. h5 Nxf2 49. hxg6 hxg6 50. Kxg6 Nh3 51. Kxf5 Kd3 52. Ke5 Nxf4 53. Kxf4 e3 54. Bxe3 1/2-1/2

[Event "*** Titled Tuesday Blitz"]
[Site "Chess.com"]
[Date "2020.11.03"]
[Round "6"]
[White "PaulfromSPb"]
[Black "exoticprincess"]
[Result "0-1"]
[WhiteElo "2709"]
[BlackElo "2885"]
[TimeControl "180+1"]
[EndTime "11:10:49 PST"]
[Termination "exoticprincess won on time"]

1. d4 d5 2. Bf4 c6 3. e3 Nf6 4.
Nd2 Bf5 5. Bd3 e6 6. Ngf3 Nbd7 7. O-O Be7 8. Qe2 O-O 9. h3 a5 10. a4 Re8 11. Rfe1 h6 12. c3 Qb6 13. Rab1 Bxd3 14.
Qxd3 Qa6 15. Qc2 b5 16. b3 bxa4 17. bxa4 c5 18. Rb5 Rec8 19. Qb2 Rc6 20. c4 cxd4 21. Nxd4 Rcc8 22. cxd5 Nxd5 23. Ne4 N7f6 24. Nxf6+ Bxf6 25. Bg3 Nb4 26. Rd1 Rc4 27. Be5 Bxe5 28. Rxe5 Nd5 29.
Qb3 Rac8 30. Nf3 Rb4 31. Qa3 Qc6 32. e4 Nc3 33. Re1 Qxa4 34. Rxa5 Qxa3 35. Rxa3 Nxe4 36. Rae3 Nf6 37. Ne5 Nd5 38. R3e2 g5 39. g3 Kg7 40. Nf3 Rc3 41. Kg2 Kf6 42. Ne5 h5 43. Nd7+ Kg7 44. Ne5 h4 45. Ra1 hxg3 46. fxg3 Rbb3 47. Ra7 Rxg3+ 48.
Kf2 Rxh3 49. Rxf7+ Kg8 50. Kg1 Nf4 0-1

[Event "*** Titled Tuesday Blitz"]
[Site "Chess.com"]
[Date "2020.11.03"]
[Round "6"]
[White "Man-Chuk"]
[Black "Aygehovit1992"]
[Result "0-1"]
[WhiteElo "2829"]
[BlackElo "2644"]
[TimeControl "180+1"]
[EndTime "11:10:49 PST"]
[Termination "Aygehovit1992 won by resignation"]

1. Nf3 Nf6 2. c4 g6 3. g3 Bg7 4. Bg2 O-O 5. O-O d6 6. Nc3 c6 7. d3 a5 8. Rb1 Na6 9. a3 Bg4 10.
b4 axb4 11. axb4 Qd7 12. b5 Nc5 13. bxc6 bxc6 14. Be3 Ra5 15. Nd4 Rc8 16. Rb6 Bh3 17. Rxc6 Rca8 18. Nd5 Bxg2 19. Kxg2 Ne6 20. Rb6 Nxd5 21.
Nxe6 Nxe3+ 22. fxe3 Qxe6 23. e4 Bd4 24. Rb5 Ra1 25.
Rb1 Rxb1 26. Qxb1 Kg7 27. Qb7 Ra2 28. Qd5 Rxe2+ 29. Kf3 Re3+ 30. Kg2 Qxd5 31. exd5 Rxd3 32. Re1 Rd2+ 33. Kh3 Be5 34. c5 Rxd5 35. cxd6 exd6 36. Kg4 h5+ 37. Kf3 f5 38. Re3 Kf6 39. h3 Rc5 40. Kg2 Rc3 41. Re2 Rxg3+ 42. Kh1 Rxh3+ 43. Kg1 Rb3 44. Kf2 Rb2 0-1

[Event "*** Titled Tuesday Blitz"]
[Site "Chess.com"]
[Date "2020.11.03"]
[Round "6"]
[White "juancruzarias"]
[Black "kflorian98"]
[Result "0-1"]
[WhiteElo "2555"]
[BlackElo "2759"]
[TimeControl "180+1"]
[EndTime "11:10:50 PST"]
[Termination "kflorian98 won by resignation"]

1. e4 c6 2. d4 d5 3. exd5 cxd5 4. Bd3 Nf6 5. c3 Bg4 6. Qb3 Qc8 7. Bf4 Nc6 8. Nd2 Bh5 9. Ngf3 Bg6 10. Bxg6 hxg6 11.
O-O e6 12. Rae1 Be7 13. Ne5 Nxe5 14. Bxe5 Ng4 15. Bg3 Nh6 16. Nf3 f6 17. Re2 Kf7 18.
Rfe1 b6 19. Qb5 Rd8 20. Bf4 g5 21. Bd2 Rd6 22. h3 Bd8 23. Bc1 Qc6 24. Qxc6 Rxc6 25. Bxg5 Nf5 26. g4 Ne7 27. Bd2 b5 28. Kg2 a5 29.
Rf1 Rb8 30. Ne1 b4 31. Nd3 bxc3 32. Bxc3 Nc8 33. f4 Nd6 34. Nc5 Nb5 35. f5 e5 36.
Ne6 e4 37. Rc1 a4 38. a3 Be7 39. Rec2 Rbc8 40. Kf2 Bxa3 41. bxa3 Nxa3 42. Rb2 Rxc3 43. Rb7+ Ke8 44. Nxg7+ Kf8 45. Ne6+ Kg8 46. Rcb1 Nxb1 47.
Rxb1 Rb3 48. Rf1 Rc2+ 49. Kg1 Rg3+ 50. Kh1 Rxh3+ 51. Kg1 Rg3+ 52. Kh1 a3 53. g5 Rh3+ 54.
Kg1 Rg3+ 55. Kh1 Rxg5 56. Nxg5 fxg5 57. f6 a2 58. Rg1 Kf7 59. Rxg5 a1=Q+ 0-1

[Event "*** Titled Tuesday Blitz"]
[Site "Chess.com"]
[Date "2020.11.03"]
[Round "6"]
[White "bazar-wokzal"]
[Black "grzechu96"]
[Result "0-1"]
[WhiteElo "2511"]
[BlackElo "2687"]
[TimeControl "180+1"]
[EndTime "11:10:51 PST"]
[Termination "grzechu96 won by checkmate"]

1. e4 c5 2. c3 Nf6 3. e5 Nd5 4. d4 cxd4 5. cxd4 Nc6 6. Nc3 Nxc3 7. bxc3 e6 8. Bd3 d6 9. f4 Qc7 10. Bd2 Bd7 11. Nf3 Na5 12. O-O g6 13. Ng5 d5 14. g4 Be7 15. Kh1 Nc4 16. Bc1 h5 17. f5 gxf5 18. gxf5 Nb2 19. Nxe6 fxe6 20. Bxb2 exf5 21.
Qf3 O-O-O 22. Bxf5 Kb8 23. Bxd7 Qxd7 24. a4 Qc6 25. Ba3 Rdf8 26. Qh3 Rxf1+ 27. Qxf1 Rf8 28. Qh3 Bxa3 29. Rxa3 Qg6 30. Ra1 Rf2 31. Re1 Qc2 32. e6 Qd2 33. Qg3+ Kc8 34. Qg8+ Kc7 35. Qg3+ Kc6 36.
Rg1 Qe2 37. h3 Qe4+ 38. Rg2 Rf3 39. Qe5 Rxh3+ 40. Kg1 Qb1+ 41. Kf2 Qc2+ 42. Kg1 Qd1+ 43. Kf2 Rf3# 0-1

[Event "*** Titled Tuesday Blitz"]
[Site "Chess.com"]
[Date "2020.11.03"]
[Round "6"]
[White "Jeffinho023"]
[Black "Kobalia"]
[Result "0-1"]
[WhiteElo "2553"]
[BlackElo "2735"]
[TimeControl "180+1"]
[EndTime "11:10:52 PST"]
[Termination "Kobalia won on time"]

1. Nf3 Nf6 2. d4 g6 3. g3 Bg7 4.
Bg2 O-O 5. O-O d6 6. c4 a6 7.
Nc3 Nc6 8. b3 Rb8 9. Bb2 Bf5 10.
Re1 e5 11. dxe5 dxe5 12. e4 Bg4 13. Nd5 Nd4 14. Bxd4 exd4 15. h3 Bxf3 16. Qxf3 Nd7 17. Rad1 c6 18. Nf4 Qa5 19. Qe2 b5 20. cxb5 axb5 21.
Qc2 Rfc8 22. h4 Ne5 23. Re2 c5 24. Nd5 d3 25. Rxd3 Nxd3 26. Ne7+ Kf8 27. Nxc8 c4 28. bxc4 Nb4 29. Qd2 Rxc8 30. Qd6+ Kg8 31. cxb5 Rd8 32. Qc5 Nd3 33. Qc4 Bd4 34. Kf1 Ne5 35. Qb3 Rc8 36. Bh3 Rc5 37. Kg2 Qxb5 38. Qxb5 Rxb5 39. Rd2 Bc3 40.
Rc2 Ba5 41. Bc8 Nd3 42. Ba6 Ne1+ 43. Kf1 Nxc2 44. Bxb5 Bb6 45. Bc4 Kg7 0-1

[Event "*** Titled Tuesday Blitz"]
[Site "Chess.com"]
[Date "2020.11.03"]
[Round "6"]
[White "snowlord"]
[Black "AquivaRubinstein"]
[Result "0-1"]
[WhiteElo "2713"]
[BlackElo "2535"]
[TimeControl "180+1"]
[EndTime "11:10:52 PST"]
[Termination "AquivaRubinstein won by resignation"]

1. d4 Nf6 2. c4 c5 3. d5 e6 4. Nc3 exd5 5. cxd5 d6 6. Nf3 g6 7.
e4 Bg7 8. Be2 O-O 9. Be3 Ng4 10.
Bg5 Qb6 11. Qd2 h6 12. Bf4 g5 13. Bg3 Nd7 14. h4 gxh4 15. Nxh4 Nde5 16. Bf4 c4 17.
O-O Ng6 18. Bg3 Nxh4 19. Bxh4 f5 20. Bxc4 f4 21. Be2 Ne5 22. Kh1 f3 23. gxf3 Nxf3 24. Bxf3 Rxf3 25. Bg3 Qd8 26. Kg2 Bg4 27. Nd1 Qf6 28. Ne3 h5 29. Nxg4 hxg4 30. Rh1 Rf8 31. Raf1 Qg6 32. Qe2 Be5 33. Bxe5 dxe5 34. a4 g3 35.
Qxf3 Rxf3 36. Kxf3 g2 37. Rfg1 gxh1=Q+ 38. Rxh1 Qf7+ 39. Ke2 Qd7 40. Rg1+ Kf7 41. b3 Qc7 42. Kd2 Qc5 43. Re1 Qxf2+ 44. Re2 Qd4+ 45. Kc2 Ke7 46. Re1 Kd6 47. Re2 a6 48. Re1 b5 49.
axb5 axb5 50. Re2 b4 51. Kc1 Qc3+ 52. Rc2 Qxb3 53. Rc6+ Kd7 54. Re6 Qe3+ 55. Kb1 0-1

[Event "*** Titled Tuesday Blitz"]
[Site "Chess.com"]
[Date "2020.11.03"]
[Round "6"]
[White "IMDT02"]
[Black "Nemsko"]
[Result "1-0"]
[WhiteElo "2531"]
[BlackElo "2373"]
[TimeControl "180+1"]
[EndTime "11:10:52 PST"]
[Termination "IMDT02 won on time"]

1. d4 Nf6 2. Bf4 e6 3. e3 c5 4. c3 b6 5. Nd2 Bb7 6. Ngf3 Be7 7. Be2 O-O 8. O-O d6 9. h3 Nbd7 10. Re1 Re8 11. a4 h6 12. Bd3 Bf8 13. e4 e5 14.
dxe5 dxe5 15. Be3 Qc7 16. Qe2 a6 17. Rac1 Bc6 18. b3 Qb7 19. Red1 Red8 20. Nc4 Bxe4 21.
Bxe4 Qxe4 22. Nd6 Qc6 23. Nf5 e4 24. Nd2 Ne5 25. Nc4 Nd3 26. Rb1 b5 27. axb5 axb5 28. Nd2 Qd5 29. Ng3 c4 30. b4 Ra3 31. Bd4 Bd6 32. Ndxe4 Nxe4 33. Nxe4 f5 34. Nxd6 Nf4 35. Qf1 Qxd6 36. Be5 Qxe5 37. Rxd8+ Kh7 38. g3 Ne2+ 39. Kh2 Nxc3 40. Re1 Ne4 41. Re2 Qf6 42. Rd5 Nc3 43.
Ree5 Nxd5 44. Rxd5 c3 45. Qd3 Rb3 46. Rxf5 Qg6 47.
g4 Rb2 48. Qxc3 Re2 49. Qf3 Qd6+ 50. Kg2 Re6 51. Rxb5 1-0

[Event "*** Titled Tuesday Blitz"]
[Site "Chess.com"]
[Date "2020.11.03"]
[Round "6"]
[White "elisak43"]
[Black "BabyFacedAssasin"]
[Result "1/2-1/2"]
[WhiteElo "2488"]
[BlackElo "2267"]
[TimeControl "180+1"]
[EndTime "11:10:52 PST"]
[Termination "Game drawn - insufficient material"]

1. e4 c5 2. Nf3 d6 3. Bb5+ Bd7 4. Bxd7+ Qxd7 5. O-O g6 6. c3 Bg7 7. d4 cxd4 8. cxd4 Nc6 9. d5 Nb8 10. Nc3 Nf6 11. e5 dxe5 12. Nxe5 Qf5 13. Nb5 Na6 14. Re1 O-O 15. Nd4 Qh5 16. Qxh5 Nxh5 17. Nef3 Rfd8 18.
Rxe7 Rxd5 19. Be3 Rad8 20. Rxb7 Nc5 21. Rxa7 Ne6 22. g4 Nxd4 23. Nxd4 Bxd4 24. Bxd4 Nf4 25. Ra4 Rxd4 26. Rxd4 Rxd4 27. a4 Rb4 28. a5 Rxb2 29.
a6 Rb8 30. a7 Ra8 31. f3 Ne2+ 32.
Kf2 Nd4 33. Ra6 Nb5 34. Rb6 Nxa7 35. Ra6 Kf8 36. Kg3 h6 37. Kf4 Ke7 38. g5 hxg5+ 39. Kxg5 Kf8 40. Kf6 Kg8 41. f4 Kf8 42. h4 Kg8 43. f5 gxf5 44. Kxf5 Kg7 45. Kg5 f6+ 46. Kf5 Kf7 47. h5 Kg7 48. h6+ Kxh6 49. Kxf6 Kh7 50. Kf7 Rg8 51. Rh6+ Kxh6 52. Kxg8 1/2-1/2